 Dungeon Crawl Stone Soup version 0.20-a0-942-ga5226df (webtiles) character file.

127 M4edhros the Insei (level 5, -2/31 HPs)
             Began as an Octopode Necromancer on Apr 1, 2017.
             Slain by an ice beast (3 damage)
             ... on level 5 of the Dungeon.
             The game lasted 00:04:50 (634 turns).

M4edhros the Insei (Octopode Necromancer)            Turns: 634, Time: 00:04:51

Health: -2/31      AC:  1    Str:  7    XL:     5   Next: 11%
Magic:  8/8        EV: 13    Int: 17    God:
Gold:   45         SH:  0    Dex: 14    Spells: 3/8 levels left

rFire    + . .     SeeInvis .     - Unarmed
rCold    + . .     Gourm    .   (no shield)
rNeg     . . .     Faith    .   (helmet restricted)
rPois    +         Spirit   .   (no amulet)
rElec    +         Reflect  .   (no ring)
rCorr    +         Harm     .   (no ring)
MR       .....                  (no ring)
Stlth    +++.......             (no ring)
Regen    0.1/turn               (no ring)
MPRegen  0.2/turn               (no ring)
                                (no ring)
                                (no ring)

@: resistant
A: almost no armour, stealthy swim, amphibious, 8 rings, constrict 8, camouflage
1, gelatinous body 1
a: no special abilities


You were on level 5 of the Dungeon.
You were not hungry.

You visited 1 branch of the dungeon, and saw 5 of its levels.

You collected 45 gold pieces.

Inventory:

Hand Weapons
 e - a cursed -1 short sword
Missiles
 k - 8 silver tomahawks (quivered)
Wands
 i - a wand of flame (0/48)
Potions
 d - a potion of invisibility {unknown}
 g - a potion of degeneration {unknown}
 h - a potion of resistance
 j - a potion of agility {unknown}
 m - a potion of flight {unknown}
Books
 a - a book of Necromancy

   Spells                             Type                      Level
   a - Pain                           Necromancy                   1
   b - Animate Skeleton               Necromancy                   1
   c - Vampiric Draining              Necromancy                   3
   d - Regeneration                   Charms/Necromancy            3
   e - Animate Dead                   Necromancy                   4
   f - Control Undead                 Necromancy                   4
Comestibles
 b - 2 bread rations
 c - 2 meat rations


   Skills:
 - Level 2.0 Dodging
 - Level 2.6 Stealth
 + Level 4.5 Unarmed Combat
 - Level 2.0 Spellcasting
 - Level 4.0 Necromancy


You had 3 spell levels left.
You knew the following spells:

 Your Spells              Type           Power        Failure   Level  Hunger
a - Pain                  Necr           ###.         3%          1    #......
b - Animate Skeleton      Necr           N/A          3%          1    #......
c - Regeneration          Chrm/Necr      #.........   24%         3    ###....


Dungeon Overview and Level Annotations

Branches:
Dungeon (5/15)
 Temple: D:4-7

Altars:


Innate Abilities, Weirdness & Mutations

You cannot wear most types of armour.
You are very stealthy in the water. (Stealth+)
You are amphibious.
You can wear up to eight rings at the same time.
You can use your tentacles to constrict eight enemies at once.
Your skin changes colour to match your surroundings (Stealth+).
Your rubbery body absorbs attacks. (AC +1, EV +1)


Message History

Aiming: Throw Flame
Press: ? - help, Shift-Dir - straight line, f/p - ice beast
Aim: an ice beast (heavily wounded)
The puff of flame misses the ice beast.
This wand has 1 charge left.
The ice beast hits you. The ice beast freezes you!
Evoke which item? (* to show all) (? for menu, Esc to quit)
Aiming: Throw Flame
Press: ? - help, Shift-Dir - straight line, f/p - ice beast
Aim: an ice beast (heavily wounded)
The puff of flame hits the ice beast.
The ice beast appears unharmed.
The ice beast is heavily wounded.
This wand has 0 charges left.
The ice beast hits you. The ice beast freezes you!
* * * LOW HITPOINT WARNING * * *
It was a potion of resistance.
You feel protected. The ice beast hits you.
* * * LOW HITPOINT WARNING * * *
The ice beast freezes you. You resist.
You die...

####....##.####.##
#....####.......#
#.#.##..........#
#...#..#.......<#.≈.#
##..#..##........#...#
......###........#.≈.#
..#..## #........#...#
.##### #........#.≈.#
# ########@#...##
#Y≈.≈.≈# #..≈.≈.#
#......# ########


You could see an ice beast.

Vanquished Creatures
  An ice beast (D:5)
  A bullfrog skeleton (D:5)
  A ball python (D:1)
  3 bats
  4 goblins
  2 frilled lizards (D:3)
  A kobold (D:1)
  A rat (D:3)
14 creatures vanquished.

Vanquished Creatures (collateral kills)
  A kobold (D:1)
1 creature vanquished.

Grand Total: 15 creatures vanquished

Notes
Turn   | Place    | Note
-------+----------+-------------------------------------------
     0 | D:1      | M4edhros the Octopode Necromancer began the quest for the Orb.
     0 | D:1      | Reached XP level 1. HP: 11/11 MP: 3/3
    38 | D:1      | Learned a level 1 spell: Animate Skeleton
    59 | D:1      | Reached skill level 1 in Unarmed Combat
   115 | D:1      | Reached XP level 2. HP: 2/17 MP: 0/5
   220 | D:2      | Noticed a moth of wrath
   522 | D:5      | Entered Level 5 of the Dungeon
   533 | D:5      | Noticed an ice beast
   545 | D:5      | Killed an ice beast
   545 | D:5      | Reached XP level 3. HP: 13/21 MP: 6/6
   545 | D:5      | Reached XP level 4. HP: 16/27 MP: 7/7
   550 | D:5      | Learned a level 3 spell: Regeneration
   563 | D:5      | Noticed a centaur
   596 | D:5      | Reached XP level 5. HP: 25/31 MP: 3/8
   621 | D:5      | Noticed an ice beast
   634 | D:5      | HP: 1/31 [ice beast (3)]
   634 | D:5      | Slain by an ice beast

Vault maps used:
D:1:      elethiomel_arrival_quiet
D:2:      tgw_trog
D:3:      first_bread, lightli_corner_chamber, uniq_terence, uniq_jessica
D:4:      minmay_unequal
D:5:      nicolae_ru_path_of_blood, minmay_misc_feat_enclosed

Skill      XL: |  1  2 |
---------------+-------+-----
Unarmed Combat | 1 4 |  4.5
Dodging        | |  2.0
Stealth        | |  2.6
Spellcasting   | |  2.0
Necromancy     | |  4.0

Action                   |  1- 3 |  4- 6 || total
-------------------------+-------+-------++-------
Melee: Unarmed           |    16 |     5 ||    21
       Constrict         |     3 |     1 ||     4
       Tentacles         |     3 |     3 ||     6
 Cast: Pain              |    14 |       ||    14
       Animate Skeleton  |     2 |       ||     2
       Regeneration      |       |     1 ||     1
Evoke: Wand              |     3 |     9 ||    12
  Use: Scroll            |     4 |       ||     4
       Potion            |       |     1 ||     1
 Stab: Sleeping          |     1 |       ||     1
Dodge: Dodged            |    16 |     6 ||    22
